 Dungeon Crawl Stone Soup version 0.30-a0-359-gd0147acb1a (webtiles) character file.

Game seed: 10930865863635092465

24 sleeves the Slasher (level 2, -1/24 HPs)
             Began as a Demonspawn Monk on Nov 12, 2022.
             Slain by a goblin
             ... wielding a +0 club
              (2 damage)
             ... on level 1 of the Dungeon.
             The game lasted 00:00:22 (315 turns).

sleeves the Slasher (Demonspawn Monk)                Turns: 315, Time: 00:00:22

Health: -1/24      AC:  3    Str: 11    XL:     2   Next: 79%
Magic:  2/2        EV: 12    Int: 11    God:
Gold:   44         SH:  0    Dex: 15    Spells: 1/1 levels left

rFire   . . .      SeeInvis .    a - +0 falchion
rCold   . . .      Faith    .    (no shield)
rNeg    . . .      Spirit   .    b - +0 robe
rPois   .          Reflect  .    (no helmet)
rElec   .          Harm     .    (no cloak)
rCorr   .          Rampage  .    (no gloves)
Will    .....                    e - +0 pair of boots
Stlth   ++........               (no amulet)
HPRegen 0.24/turn                (no ring)
MPRegen 0.08/turn                (no ring)

@: no status effects
A: demonic magic 1
a: no special abilities


You were on level 1 of the Dungeon.
You visited 1 branch of the dungeon, and saw 1 of its levels.

You collected 44 gold pieces.

Inventory:

Hand Weapons
 a - a +0 falchion (weapon)
Armour
 b - a +0 robe (worn)
 e - a +0 pair of boots (worn)
   (You found it on level 1 of the Dungeon)
Scrolls
 h - a scroll of magic mapping {unknown}
Potions
 c - a potion of ambrosia
 d - a potion of curing {unknown}
 f - 2 potions of degeneration {unknown}
 g - a potion of haste {unknown}


   Skills:
 - Level 3.0 Fighting
 + Level 3.7 Long Blades
 - Level 2.6 Dodging
 - Level 1.7 Stealth


You had one spell level left.
You didn't know any spells.
Your spell library was empty.

Dungeon Overview and Level Annotations

Branches:
Dungeon (1/15)

Altars:


Innate Abilities, Weirdness & Mutations

Spells you cast may paralyse adjacent enemies.


Message History

Welcome, sleeves the Demonspawn Monk.
Will you be the one to retrieve the majestic Orb of Zot from the depths?
Press ? for a list of commands and other information.
Found a staircase leading out of the dungeon.
Found an escape hatch in the floor.
You now have 10 gold pieces.
A ball python comes into view.
Found a bubbling clear potion.
A ball python is nearby!
A rat comes into view.
The ball python barely misses you. The ball python grabs you.
The ball python constricts you.
You closely miss the ball python. The ball python bites you.
The ball python constricts you.
You hit the ball python.
You kill the ball python!
You closely miss the rat. The rat bites you.
You closely miss the rat. The rat bites you but does no damage.
You hit the rat but do no damage. The rat misses you.
You barely miss the rat. The rat barely misses you.
You hit the rat but do no damage. The rat bites you but does no damage.
The rat bites you.
You hit the rat but do no damage. The rat barely misses you.
A rat is nearby!
A rat is nearby!
A rat is nearby!
You barely miss the rat. The rat barely misses you.
You hit the rat but do no damage. The rat bites you.
You hit the rat.
You kill the rat!
No target in view!
No target in view!
No target in view!
No target in view!
No target in view!
No target in view!
No target in view!
HP restored.
d - a bubbling clear potion A jackal comes into view.
The jackal barks!
You hear a shout!
A jackal comes into view.
There are monsters nearby!
A jackal comes into view.
The jackal barks! x2
A jackal comes into view.
The jackal moves out of view.
The jackal barks!
You hit the jackal.
The jackal is severely wounded.
The jackal bites you.
You hit the jackal. Your punch misses the jackal.
The jackal is heavily wounded.
The jackal bites you but does no damage.
A goblin comes into view. It is wielding a +0 club.
You miss the jackal.
The jackal is severely wounded.
The jackal barely misses you. x2
You hit the jackal.
You kill the jackal!
The jackal bites you.
The jackal closely misses you. x2; The jackal bites you.
You hit the jackal but do no damage.
The jackal is heavily wounded.
The jackal closely misses you. The jackal barely misses you.
The jackal bites you but does no damage.
The jackal bites you.
You hit the jackal.
You kill the jackal!
The jackal closely misses you.
The jackal bites you but does no damage.
The jackal misses you. The jackal barely misses you.
Your Long Blades skill increases to level 3!
You hit the jackal.
The jackal is heavily wounded.
The jackal bites you but does no damage.
The jackal closely misses you. x3; The goblin barely misses you.
You hit the jackal.
The jackal is heavily wounded.
The jackal closely misses you. x2; The goblin barely misses you.
You barely miss the jackal.
The jackal is heavily wounded.
The jackal bites you. The jackal barely misses you. The jackal misses you.
The goblin completely misses you. The jackal barely misses you.
Unknown command.
The jackal attacks as you move away! The jackal barely misses you.
The goblin attacks as you move away! The goblin misses you.
The jackal bites you. The jackal bites you.
The jackal attacks as you move away! The jackal misses you.
The jackal bites you.
You hit the jackal.
You kill the jackal!
You closely miss the goblin. The goblin hits you with a +0 club.
* * * LOW HITPOINT WARNING * * *
You hit the goblin.
The goblin is heavily wounded.
The goblin misses you.
You hit the goblin.
You kill the goblin!
The jackal barely misses you.
You barely miss the jackal. The jackal misses you.
You hit the jackal.
The jackal is heavily wounded.
The jackal bites you.
* * * LOW HITPOINT WARNING * * *
The jackal bites you.
* * * LOW HITPOINT WARNING * * *
You hit the jackal but do no damage.
The jackal is heavily wounded.
The jackal bites you.
* * * LOW HITPOINT WARNING * * *
You hit the jackal but do no damage.
The jackal is heavily wounded.
The jackal barely misses you. x2
You slash the jackal!
You kill the jackal!
You have reached level 2!
Your demonic ancestry asserts itself...
A menacing aura infuses your magic.
A ball python and a frilled lizard come into view.
There are monsters nearby!
There are monsters nearby!
There are monsters nearby!
A hobgoblin comes into view.
Found a stone staircase leading down.
Found a sling.
The hobgoblin shouts!
The frilled lizard hisses angrily.
The ball python hisses angrily.
You completely miss the hobgoblin. The hobgoblin barely misses you.
You closely miss the ball python. The hobgoblin hits you.
The ball python barely misses you. x2
You slash the ball python!
You kill the ball python!
The hobgoblin closely misses you.
You barely miss the hobgoblin. The hobgoblin closely misses you.
The frilled lizard closely misses you. The frilled lizard barely misses you.
The hobgoblin barely misses you.
You hit the hobgoblin.
The hobgoblin is almost dead.
The frilled lizard barely misses you.
The hobgoblin hits you but does no damage.
You slash the hobgoblin!
You kill the hobgoblin!
The frilled lizard misses you.
You hit the frilled lizard.
You kill the frilled lizard!
No target in view!
No target in view!
No target in view!
No target in view!
No target in view!
No target in view!
No target in view!
No target in view!
No target in view!
No target in view!
No target in view!
No target in view!
No target in view!
No target in view!
No target in view!
No target in view!
No target in view!
e - a +0 pair of boots A jackal comes into view.
Found 17 gold pieces.
A jackal is nearby! 2 jackals come into view.
The jackal barks! x3; You hear a bark!
A jackal comes into view.
You hit the jackal.
You kill the jackal!
The jackal closely misses you.
You closely miss the jackal. You closely miss the jackal.
The jackal misses you. The jackal barely misses you.
You completely miss the jackal.
The jackal bites you but does no damage. x2
The jackal bites you.
You closely miss the jackal. The jackal misses you.
A frilled lizard comes into view.
The jackal barely misses you. The jackal bites you.
You hit the jackal.
The jackal is almost dead.
The jackal closely misses you. The jackal barely misses you.
The jackal misses you. The jackal bites you.
You hit the jackal.
You kill the jackal!
The jackal bites you but does no damage.
You barely miss the jackal. The jackal closely misses you.
The jackal bites you but does no damage.
The jackal barely misses you. The jackal closely misses you.
You slash the jackal!
You kill the jackal!
The jackal bites you but does no damage.
You hit the jackal.
You kill the jackal!
You miss the frilled lizard. The frilled lizard bites you.
You closely miss the frilled lizard. The frilled lizard misses you.
The frilled lizard bites you but does no damage.
You closely miss the frilled lizard. The frilled lizard barely misses you.
You slash the frilled lizard!
You kill the frilled lizard!
No target in view!
No target in view!
No target in view!
No target in view!
No target in view!
No target in view!
No target in view!
No target in view!
No target in view!
No target in view!
No target in view!
No target in view!
No target in view!
No target in view!
No target in view!
You start putting on your armour.
You continue putting on your +0 pair of boots. x4
You finish putting on your +0 pair of boots.
A goblin comes into view. It is wielding a +0 dagger.
A goblin is nearby!
A goblin is nearby!
Found a stone staircase leading down.
The goblin shouts!
You see here a jackal corpse.
You hit the goblin.
You kill the goblin!
No target in view!
No target in view!
No target in view!
No target in view!
No target in view!
No target in view!
No target in view!
No target in view!
No target in view!
No target in view!
No target in view!
No target in view!
You now have 27 gold pieces (gained 17).
f - 2 emerald potions
Found a plate armour.
g - a ruby potion No target in view!
No target in view!
No target in view!
No target in view!
No target in view!
No target in view!
No target in view!
No target in view!
No target in view!
No target in view!
No target in view!
No target in view!
No target in view!
h - a scroll labelled FIUFUS AXEAPPU You now have 44 gold pieces (gained 17).
A quokka comes into view.
A quokka is nearby!
The quokka closely misses you.
You closely miss the quokka. The quokka bites you.
You hit the quokka.
The quokka is heavily wounded.
The quokka misses you.
You barely miss the quokka.
The quokka is heavily wounded.
The quokka bites you. The quokka barely misses you.
You barely miss the quokka. Your punch misses the quokka.
The quokka is heavily wounded.
The quokka barely misses you.
You barely miss the quokka.
The quokka is heavily wounded.
The quokka closely misses you.
You hit the quokka.
You kill the quokka!
No target in view!
No target in view!
No target in view!
No target in view!
You see here a +1 vorpal mace.
A goblin comes into view. It is wielding a +0 club.
A goblin is nearby!
The goblin shouts!
An endoplasm comes into view.
A goblin comes into view. It is wielding a +0 club.
You hit the endoplasm.
The endoplasm is severely wounded.
The endoplasm freezes you.
You are frozen.
The goblin hits you with a +0 club.
You hit the endoplasm but do no damage.
The endoplasm is severely wounded.
The endoplasm freezes you.
You are frozen.
The goblin hits you with a +0 club.
You are too injured to fight recklessly!
You are too injured to fight recklessly!
You are too injured to fight recklessly!
You are too injured to fight recklessly!
You are too injured to fight recklessly!
You are too injured to fight recklessly!
You are too injured to fight recklessly!
You are too injured to fight recklessly!
You are too injured to fight recklessly!
You are too injured to fight recklessly!
There are monsters nearby!
There are monsters nearby!
You hit the goblin.
You kill the goblin!
A goblin comes into view. It is wielding a +0 club.
The endoplasm freezes you.
You are frozen.
The goblin shouts!
You hit the endoplasm.
You kill the endoplasm!
A quokka comes into view.
The goblin hits you but does no damage. The goblin hits you with a +0 club.
* * * LOW HITPOINT WARNING * * *
An endoplasm comes into view.
Things that are here:
a +0 club; a goblin corpse You slash the goblin!
You kill the goblin!
The goblin closely misses you.
Found a lumpy yellow potion.
The goblin hits you with a +0 club.
* * * LOW HITPOINT WARNING * * *
Things that are here:
a +0 club; a goblin corpse The quokka misses you.
You barely miss the quokka. The quokka bites you.
* * * LOW HITPOINT WARNING * * *
The goblin closely misses you. The quokka bites you.
* * * LOW HITPOINT WARNING * * *
You closely miss the quokka. The endoplasm closely misses you.
The goblin hits you with a +0 club.
You die...

#...............
................
..............!.
...............
............. ...........+
#.......J..+ ......r@g).+
...........+
.........#.+++++#
#######...........#......#
#.......#.........#...####
#.########.......##...#
#.# .......###...#
#.#######.###### #...#
...........# ###...#


You could see an endoplasm, a quokka and a goblin.

Vanquished Creatures
  An endoplasm (D:1)
  4 goblins (D:1)
  A hobgoblin (D:1)
  8 jackals (D:1)
  A quokka (D:1)
  2 ball pythons (D:1)
  2 frilled lizards (D:1)
  A rat (D:1)
20 creatures vanquished.

Notes
Turn   | Place    | Note
-------+----------+-------------------------------------------
     0 | D:1      | sleeves the Demonspawn Monk began the quest for the Orb.
     0 | D:1      | Reached XP level 1. HP: 18/18 MP: 1/1
    70 | D:1      | Reached skill level 3 in Long Blades
    78 | D:1      | HP: 9/18 [goblin/+0 club (2)]
    83 | D:1      | HP: 6/18 [jackal (1)]
    86 | D:1      | Gained mutation: Spells you cast may paralyse adjacent
                  | enemies. [demonic ancestry]
    86 | D:1      | Reached XP level 2. HP: 9/24 MP: 2/2
   310 | D:1      | HP: 11/24 [goblin/+0 club (3)]
   314 | D:1      | HP: 4/24 [quokka (4)]
   314 | D:1      | HP: 1/24 [quokka (3)]
   315 | D:1      | Slain by a goblin

Illustrated notes

Levels and vault maps discovered:
D:1:      minmay_arrival_jagged, layout_rooms,
          hellmonk_ecumenical_altar_heavens_door

Skill      XL: |  1 |
---------------+----+-----
Long Blades    | 3 |  3.7
Fighting       | |  3.0
Dodging        | |  2.6
Stealth        | |  1.7

Action                   || total
-------------------------++-------
Melee: Falchion          ||    64
Armor: Robe              ||    14
Dodge: Dodged            ||    65

Table legend: (Time is in decaauts)
 A = Elapsed time spent in this place.
 B = Non-inter-level travel time spent in this place.
 C = Inter-level travel time spent in this place.
 D = Time resting spent in this place.
 E = Time spent auto-exploring this place.
 F = Levels seen in this place.
 G = Mean time per level.
                   A        B        C        D        E       F      G
               +--------+--------+--------+--------+--------+-----+--------+
         Total |    323 |    323 |      0 |      0 |    205 |   1 |  323.0 |
       Dungeon |    323 |    323 |      0 |      0 |    205 |   1 |  323.0 |
               +--------+--------+--------+--------+--------+-----+--------+

Top non-repeatable levels by time:
     D:1: 323 daAuts
